[Event "Early-Titled-Tuesday-Blitz-January-16-2024"]
[Site "Chess.com"]
[Date "2024.01.16"]
[Round "3"]
[White "YurasovMat-2012"]
[Black "Kiborg95"]
[Result "0-1"]
[WhiteElo "2591"]
[BlackElo "2875"]
[TimeControl "180+1"]
[EndTime "8:29:23 PST"]
[Termination "Kiborg95 won by resignation"]

1. e4 d6 2. Nf3 Nf6 3. Nc3 e5 4. d4 Nbd7 5. Bc4 Be7 6. O-O O-O 7. h3 c6 8. Qe2 exd4 9. Nxd4 Re8 10. Rd1 Bf8 11.
Bg5 h6 12. Bh4 d5 13. Bb3 g5 14. Bg3 Nxe4 15. Nxe4 Rxe4 16. Qd2 Qf6 17. c4 dxc4 18. Bc2 Re8 19. Nf5 Nb6 20. Nd6 Bxd6 21. Bxd6 Bf5 22. Bxf5 Qxf5 23. Qc3 Rad8 24. Re1 Rxe1+ 25. Rxe1 Nd5 26.
Qd4 Nf4 27. f3 Ne6 28. Qd2 Qd3 29. Qxd3 cxd3 30. Be5 Rd5 31. Bc3 c5 32. b3 b5 33.
Kf2 Kh7 34. Ke3 Kg6 35. g3 c4 36. bxc4 bxc4 37. Rb1 Nc7 38. a4 Rd7 39. Kd2 Nd5 40. Bd4 Ne7 41. Bf2 Nc6 42. Rb5 f6 43. Rc5 Ne5 44.
f4 gxf4 45. gxf4 Nf3+ 46. Kd1 Rb7 47. Rxc4 Rb1+ 48. Rc1 Rxc1+ 49. Kxc1 a6 50. Kb2 Kf5 51. Bg3 Ke4 52. Kc3 Ke3 0-1

[Event "Early-Titled-Tuesday-Blitz-January-16-2024"]
[Site "Chess.com"]
[Date "2024.01.16"]
[Round "3"]
[White "AmanteDeMoi"]
[Black "baki83"]
[Result "0-1"]
[WhiteElo "2567"]
[BlackElo "2862"]
[TimeControl "180+1"]
[EndTime "8:29:23 PST"]
[Termination "baki83 won on time"]

1. Nf3 d5 2. e3 Nf6 3. b3 Bf5 4.
Bb2 e6 5. Be2 h6 6. O-O Be7 7.
d3 O-O 8. Nbd2 Nbd7 9. c4 c6 10.
Qc2 Bh7 11. Rad1 a5 12. a3 Bd6 13. e4 Qc7 14. Qc3 dxe4 15. Nxe4 Be7 16. Nxf6+ Bxf6 17. d4 c5 18. Qe3 Rfd8 19. Bc3 Bc2 20. Rd2 cxd4 21. Nxd4 Bg6 22. Nb5 Qc5 23. Rxd7 Qf5 24.
Rxd8+ Rxd8 25. Bxf6 Qxf6 26. g3 Qb2 27. Re1 Rd2 28.
Bf1 Kh7 29. h4 Rc2 30. h5 Bf5 31. g4 Bxg4 32. Bd3+ Bf5 33. Bxc2 Bxc2 34. Qc3 Qa2 35. Ra1 Qxb3 36. Qb4 axb4 37. Nd6 Qc3 0-1

[Event "Early-Titled-Tuesday-Blitz-January-16-2024"]
[Site "Chess.com"]
[Date "2024.01.16"]
[Round "3"]
[White "vidavi"]
[Black "kidagent"]
[Result "0-1"]
[WhiteElo "2459"]
[BlackElo "2263"]
[TimeControl "180+1"]
[EndTime "8:29:23 PST"]
[Termination "kidagent won on time"]

1. e4 c6 2. d4 d5 3. e5 Bf5 4.
Nf3 e6 5. Nbd2 c5 6. c3 Nc6 7.
Be2 Nge7 8. O-O Bg6 9. dxc5 Nf5 10. b4 Qc7 11. Re1 Be7 12. Bb2 O-O 13. a3 Nxe5 14.
Nxe5 Qxe5 15. Bf1 Qc7 16. c4 Rfd8 17. Qb3 b6 18. cxb6 axb6 19. Rac1 Qf4 20. Nf3 Nh4 21. Ne5 Qg5 22. g3 Be4 23. f4 Qh5 24.
gxh4 Bxh4 25. Rxe4 dxe4 26. Qe3 Bf6 27. Bg2 Bxe5 28. Bxe5 Rd3 29. Qxe4 Raxa3 30. Bb2 Rd1+ 31. Rxd1 Qxd1+ 32. Kf2 Rd3 33. Qa8+ Rd8 34. Qf3 Rd2+ 35. Kg3 Qxf3+ 36. Bxf3 Rxb2 37. c5 Rxb4 38. c6 Rc4 39. Kf2 b5 40. Ke3 Rc3+ 41. Kd4 b4 42. Be4 f6 43. f5 exf5 44. Bd5+ Kf8 0-1

[Event "Early-Titled-Tuesday-Blitz-January-16-2024"]
[Site "Chess.com"]
[Date "2024.01.16"]
[Round "3"]
[White "aloe_normansen"]
[Black "LaPiToB"]
[Result "1-0"]
[WhiteElo "2584"]
[BlackElo "2302"]
[TimeControl "180+1"]
[EndTime "8:29:23 PST"]
[Termination "aloe_normansen won by resignation"]

1. e4 c6 2. d4 d5 3. e5 Bf5 4. h4 h5 5. c4 e6 6. Nc3 Ne7 7. Nge2 dxc4 8. Ng3 b5 9. Bg5 Bg6 10. Nge4 Qa5 11. Nd6+ Kd7 12. a4 b4 13. Nxc4 Qc7 14.
Na2 Nd5 15. Bd3 Bxd3 16. Qxd3 Be7 17. Bxe7 Kxe7 18. O-O Rh6 19. Nd6 Rg6 20. Qf3 Kf8 21. Qxh5 Ke7 22. Qf3 f6 23. Nc1 Nd7 24. Nd3 Rh8 25. Nf4 Nxf4 26. Qxf4 Rf8 27. Qe4 f5 28. Qe3 f4 29. Qe4 Rg4 30. g3 c5 31. Rac1 c4 32.
Rxc4 Qd8 33. Qf3 Rg6 34. Qh5 Rh6 35. Qg5+ Rhf6 36. Ne4 Nxe5 37. dxe5 Qd3 38. exf6+ gxf6 39. Rc7+ Kd8 40. Qc5 1-0

[Event "Early-Titled-Tuesday-Blitz-January-16-2024"]
[Site "Chess.com"]
[Date "2024.01.16"]
[Round "3"]
[White "laiciffOneslraCsungaM"]
[Black "UnTucopalaTimba"]
[Result "1-0"]
[WhiteElo "2370"]
[BlackElo "2013"]
[TimeControl "180+1"]
[EndTime "8:29:23 PST"]
[Termination "laiciffOneslraCsungaM won on time"]

1. d4 Nf6 2. Nc3 d5 3. Bf4 a6 4.
e3 e6 5. g4 h6 6. h4 c5 7. Qf3 cxd4 8. exd4 h5 9. g5 Nfd7 10.
O-O-O Bb4 11. Nge2 Nc6 12. Bh3 Nb6 13. Rhe1 Bd6 14.
Bxd6 Qxd6 15. Nf4 Bd7 16. Ncxd5 Nxd5 17. Nxd5 O-O-O 18. Nb6+ Kb8 19. Qxf7 Rhf8 20. Nxd7+ Rxd7 21. Qxe6 Qf4+ 22. Kb1 Rxd4 23. Rxd4 Qxd4 24. Qe3 Qxh4 25. b3 Qb4 26. Bd7 Qd6 27. Bxc6 Qxc6 28. f4 Rc8 29. Re2 Qh1+ 30. Kb2 Qc6 31. Qe5+ Ka8 32. Qxg7 h4 33. Qh6 Qc3+ 34. Kb1 h3 35. Qf6 Qf3 36. Qe6 Qf1+ 37. Kb2 1-0

[Event "Early-Titled-Tuesday-Blitz-January-16-2024"]
[Site "Chess.com"]
[Date "2024.01.16"]
[Round "3"]
[White "oneshot007"]
[Black "GiorgianBarbosa"]
[Result "0-1"]
[WhiteElo "2385"]
[BlackElo "2606"]
[TimeControl "180+1"]
[EndTime "8:29:24 PST"]
[Termination "GiorgianBarbosa won by resignation"]

1. Nf3 Nf6 2. g3 e6 3. Bg2 d5 4. O-O Be7 5. d3 O-O 6. Bf4 c5 7. Na3 Nc6 8. e4 dxe4 9. dxe4 Nxe4 10. Ne5 Nxe5 11. Bxe5 Nf6 12. Nc4 Nd7 13. Bd6 Nb6 14.
Bxe7 Qxe7 15. Na5 Qc7 16. c4 Rb8 17. Qf3 Na4 18. Qf4 Qxf4 19. gxf4 Nxb2 20. Rab1 Nd3 21.
Nc6 Ra8 22. Ne7+ Kh8 23. f5 exf5 24. Rfd1 Nf4 25. Nxc8 Nxg2 26. Kxg2 Raxc8 27. Rxb7 g6 28. Rxa7 Ra8 29. Rdd7 Rxa7 30. Rxa7 Kg7 31. Rc7 Ra8 32. Rxc5 Rxa2 33. Rd5 Rc2 34. Rd4 Kf6 35. h4 Ke5 36.
Rd7 Ke6 37. Rd4 Ke5 38. Rd7 Rxc4 39. Rxf7 Rxh4 40. Kg3 Rg4+ 41. Kf3 Rf4+ 42. Kg3 Rg4+ 43. Kf3 h5 44. Rh7 Kf6 45. Ke3 Kg5 46. f3 Ra4 47.
Kf2 Kf4 48. Rg7 Ra2+ 49. Kg1 g5 50. Rg8 g4 51. fxg4 hxg4 0-1

[Event "Early-Titled-Tuesday-Blitz-January-16-2024"]
[Site "Chess.com"]
[Date "2024.01.16"]
[Round "3"]
[White "C_K_G"]
[Black "Statham_01"]
[Result "0-1"]
[WhiteElo "2044"]
[BlackElo "2547"]
[TimeControl "180+1"]
[EndTime "8:29:24 PST"]
[Termination "Statham_01 won on time"]

1. e4 e5 2. Nf3 Nc6 3. Bc4 Bc5 4. c3 Nf6 5. d4 exd4 6. cxd4 Bb4+ 7. Nc3 Nxe4 8. O-O Bxc3 9. d5 Bf6 10. Re1 Ne7 11. Rxe4 d6 12. Bg5 Bxg5 13. Nxg5 O-O 14. Nxh7 Bf5 15.
Rxe7 Qxe7 16. Nxf8 Rxf8 17. Rc1 c5 18. dxc6 bxc6 19.
Bf1 Be4 20. Qd2 Bd5 21. b4 Re8 22. b5 Qd7 23. a4 Re5 24. h3 Rh5 25. Be2 Rh6 26.
Bg4 Qb7 27. bxc6 Bxc6 28. f3 Rg6 29. Re1 Qb6+ 30. Qe3 Qxe3+ 31. Rxe3 Bxa4 32. Re7 a6 33. Ra7 Rg5 34. Rxa6 Bb5 35. Rxd6 Kh7 0-1

[Event "Early-Titled-Tuesday-Blitz-January-16-2024"]
[Site "Chess.com"]
[Date "2024.01.16"]
[Round "3"]
[White "Mops_2004"]
[Black "KnobbedHornbill"]
[Result "1-0"]
[WhiteElo "2671"]
[BlackElo "2469"]
[TimeControl "180+1"]
[EndTime "8:29:26 PST"]
[Termination "Mops_2004 won on time"]

1. Nf3 d5 2. e3 Nf6 3. c4 c6 4. Nc3 g6 5. d4 Bg7 6. Be2 O-O 7.
O-O Bg4 8. h3 Bxf3 9. Bxf3 dxc4 10. Qe2 Nbd7 11. Qxc4 e5 12. Qb3 exd4 13. exd4 Nb6 14. a4 Qxd4 15. a5 Qc4 16. Ra3 Qxb3 17. Rxb3 Nc4 18. Rxb7 Nxa5 19. Rc7 Rfc8 20. Bf4 Ne8 21.
Rxc8 Rxc8 22. Be2 Nb3 23. Bc4 Na5 24. Ba2 Nc7 25. Ra1 Nb5 26. Nxb5 cxb5 27. Bd5 Nc6 28. Bd2 Ne5 29. Rxa7 Rd8 30. Ra8 Rxa8 31. Bxa8 Nd3 32. b3 Nc5 33. Bd5 Kf8 34. Kf1 Ke8 35. Bc6+ Kd8 36. Ba5+ Kc8 37. b4 Nb3 38. Bb6 Nd4 39.
Bd5 1-0

[Event "Early-Titled-Tuesday-Blitz-January-16-2024"]
[Site "Chess.com"]
[Date "2024.01.16"]
[Round "3"]
[White "hakanazeri2"]
[Black "UmarovSabir"]
[Result "1-0"]
[WhiteElo "2533"]
[BlackElo "2300"]
[TimeControl "180+1"]
[EndTime "8:29:26 PST"]
[Termination "hakanazeri2 won on time"]

1. e4 c6 2. d4 d5 3. Nc3 g6 4. h3 Bg7 5. Nf3 dxe4 6. Nxe4 Nd7 7. c3 Ngf6 8. Nxf6+ Nxf6 9. Bd3 O-O 10. O-O b6 11.
Re1 Bb7 12. Qe2 Re8 13. Bc4 e6 14. Bf4 Rc8 15. Rad1 Nd5 16. Be5 f6 17. Bg3 Qd7 18. Bb3 Kh8 19. c4 Nc7 20. Bxc7 Rxc7 21. c5 Qd8 22.
cxb6 axb6 23. Bxe6 Rce7 24. Qc4 b5 25. Qb3 Qd6 26. Bf7 Rxe1+ 27. Rxe1 Rxe1+ 28. Nxe1 Qxd4 29. Qe6 Qe5 30. Qxe5 fxe5 31. Nd3 e4 32. Nc5 Bc8 33. b3 Bd4 34. Nxe4 Kg7 35. Be8 c5 36. Bxb5 Bf5 37.
Nd6 Bb1 38. a4 Kf6 39. Bc4 Ke5 40. Nf7+ Kf4 41. g3+ 1-0

[Event "Early-Titled-Tuesday-Blitz-January-16-2024"]
[Site "Chess.com"]
[Date "2024.01.16"]
[Round "3"]
[White "sergoy"]
[Black "Akewjon"]
[Result "1/2-1/2"]
[WhiteElo "3011"]
[BlackElo "2756"]
[TimeControl "180+1"]
[EndTime "8:29:27 PST"]
[Termination "Game drawn by repetition"]

1. d4 Nf6 2. c4 e6 3. Nf3 d5 4. Nc3 Bb4 5. Qa4+ Nc6 6. a3 Bxc3+ 7. bxc3 Ne4 8. e3 Nxc3 9. Qc2 Ne4 10. Bd3 Nd6 11.
c5 Nf5 12. O-O O-O 13. Rb1 h6 14. a4 a5 15. Ba3 Nfe7 16. Rfd1 Ra7 17. e4 dxe4 18.
Bxe4 Nd5 19. Ne5 Bd7 20. Nxd7 Qxd7 21. Qb3 Rd8 22. Bb2 Ncb4 23. g3 b5 24. axb5 Qxb5 25. Qf3 Rb8 26. Bc1 Rab7 27. g4 Qc4 28. g5 hxg5 29. Bxg5 f5 30. Rbc1 fxe4 31. Qg4 Nc3 32. Bd2 Ne2+ 33. Kh1 Nxc1 34. Rg1 c6 35. Bh6 Qe2 36.
Qxe6+ Kf8 37. Qf6+ Ke8 38. Qe6+ Re7 39. Qg6+ Kd7 40.
Qd6+ Ke8 41. Qxb8+ Kd7 42. Qd6+ Ke8 43. Qb8+ Kd7 44. Qd6+ Ke8 45. Qb8+ 1/2-1/2

[Event "Early-Titled-Tuesday-Blitz-January-16-2024"]
[Site "Chess.com"]
[Date "2024.01.16"]
[Round "3"]
[White "Herzog2012"]
[Black "Vesper2018"]
[Result "1-0"]
[WhiteElo "2549"]
[BlackElo "2548"]
[TimeControl "180+1"]
[EndTime "8:29:27 PST"]
[Termination "Herzog2012 won on time"]

1. e4 c5 2. Nf3 d6 3. d4 cxd4 4. Nxd4 Nf6 5. Nc3 a6 6. Bg5 Nbd7 7.
Bc4 Qb6 8. Bb3 e6 9. Qd2 Be7 10.
O-O-O h6 11. Be3 Nc5 12. f3 Qc7 13. a3 b5 14. g4 Bd7 15. h4 Rb8 16. g5 Nh5 17.
gxh6 g6 18. Bg5 f6 19. Be3 a5 20. Qg2 Kf7 21. Rhg1 Rbg8 22. Kb1 b4 23. Ncb5 Bxb5 24.
Nxb5 Qc6 25. Nd4 Qc8 26. Bc4 bxa3 27. b3 Bf8 28. f4 Bxh6 29. Qf3 Qb7 30. Nb5 Bf8 31.
Bxc5 dxc5 32. f5 Ng7 33. Rxg6 Rxh4 34. Qg3 Rxe4 35. Rg1 Rxc4 36. bxc4 Qe4 37. Qg2 Qxc4 38. Qb7+ 1-0

[Event "Early-Titled-Tuesday-Blitz-January-16-2024"]
[Site "Chess.com"]
[Date "2024.01.16"]
[Round "3"]
[White "the_blue_pill"]
[Black "Vlad_Lukiianchuk"]
[Result "1-0"]
[WhiteElo "2331"]
[BlackElo "2634"]
[TimeControl "180+1"]
[EndTime "8:29:27 PST"]
[Termination "the_blue_pill won by checkmate"]

1. b3 Nf6 2. Bb2 Nc6 3. c4 e5 4. e3 d5 5. cxd5 Nxd5 6. a3 Be7 7. Qc2 O-O 8. Nf3 Bf6 9. d3 Be6 10. Nbd2 g6 11. h4 h6 12. Ne4 Bg7 13. Nc5 Bc8 14.
b4 b6 15. Ne4 Qe8 16. Rc1 Bb7 17. d4 exd4 18. Bb5 Ncxb4 19. Qc4 Qxe4 20. axb4 c6 21. Bxc6 Bxc6 22. Qxc6 dxe3 23. Bxg7 Kxg7 24. O-O exf2+ 25.
Kxf2 Qe3+ 26. Kg3 Nxb4 27. Qc4 a5 28. Rfe1 Qc5 29. Qf4 Qf5 30. Qd4+ Kh7 31. Re5 Qf6 32.
Qe4 Rad8 33. h5 Nd3 34. Rc6 Qg7 35. Re7 Nc5 36. hxg6+ Kh8 37. Qh4 Ne6 38. Rcxe6 Rd5 39. Rxf7 Rg5+ 40. Nxg5 Rxf7 41. Nxf7+ Kg8 42. Nxh6+ Kf8 43.
Qd8# 1-0

[Event "Early-Titled-Tuesday-Blitz-January-16-2024"]
[Site "Chess.com"]
[Date "2024.01.16"]
[Round "3"]
[White "FREDERICKtheMATE"]
[Black "WhiteKnight2612"]
[Result "0-1"]
[WhiteElo "2570"]
[BlackElo "2866"]
[TimeControl "180+1"]
[EndTime "8:29:28 PST"]
[Termination "WhiteKnight2612 won by resignation"]

1. d4 Nf6 2. c4 d6 3. Nf3 g6 4. Nc3 Bg7 5. e4 O-O 6. Be2 e5 7. Be3 Nc6 8. h3 exd4 9. Nxd4 Re8 10. Nxc6 bxc6 11. Bf3 Ba6 12. Qa4 Qc8 13. O-O Nd7 14. Be2 Rb8 15. Rab1 Nc5 16. Bxc5 dxc5 17. Qxc6 Bd4 18.
Bg4 Qb7 19. Qxb7 Rxb7 20. Bd7 Reb8 21. Nb5 Rd8 22. Nxd4 cxd4 23. Bc6 Rb6 24. Bd5 c6 25. c5 Rbb8 26. Bxc6 Bxf1 27. Kxf1 Rbc8 28. Bd5 Rxc5 29.
Rd1 Rb8 30. Rd2 Kg7 31. b3 Ra5 32. a4 Rc5 33. Rxd4 Rc2 34. Rc4 Rxc4 35. Bxc4 Kf6 36. Ke2 Ke5 37. Ke3 f6 38. f4+ Kd6 39. Kd4 a5 40. e5+ fxe5+ 41. fxe5+ Ke7 42. Kc5 Rb4 43. h4 h6 44. g3 g5 45. hxg5 hxg5 46. Kd5 Rb8 47.
e6 Rf8 48. Kc5 Rf3 49. Kb6 Rxg3 50. Kxa5 g4 51. Kb4 Rf3 52. a5 g3 53. a6 g2 54. a7 Rf8 55. Bd5 g1=Q 56. a8=Q Rxa8 57. Bxa8 Qb6+ 58. Kc4 Qa6+ 0-1

[Event "Early-Titled-Tuesday-Blitz-January-16-2024"]
[Site "Chess.com"]
[Date "2024.01.16"]
[Round "3"]
[White "Phelathegreat"]
[Black "hmatyi07"]
[Result "1-0"]
[WhiteElo "2418"]
[BlackElo "2182"]
[TimeControl "180+1"]
[EndTime "8:29:28 PST"]
[Termination "Phelathegreat won by resignation"]

1. d4 Nf6 2. c4 e6 3. Nc3 d5 4.
cxd5 exd5 5. Bg5 c6 6. e3 Be7 7. Bd3 O-O 8. Nge2 Nbd7 9. O-O Re8 10. Qc2 h6 11. Bh4 Nh5 12. Bxe7 Qxe7 13. Rab1 a5 14.
a3 Nf8 15. b4 axb4 16. axb4 Bd7 17. b5 Nf6 18. bxc6 bxc6 19. Na4 Ne4 20. Bxe4 dxe4 21. Nc5 Ne6 22. Nxd7 Qxd7 23. Qxe4 Ng5 24. Qc2 Qg4 25. Nf4 Rac8 26. Rb7 Nf3+ 27. Kh1 Nxd4 28. Qa2 Ne6 29. Nxe6 Qxe6 30. Qxe6 Rxe6 31. Rc1 Rd6 32. g3 Kf8 33. Rc2 g6 34. Kg2 Kg7 35. Ra2 Rcd8 36. Raa7 Rf6 37. Rd7 Rb8 38. Ra2 Rb5 39. e4 Re5 40. Ra4 Rb5 41.
Ra2 Re5 42. Re2 Rfe6 43. f3 Rb5 44. f4 Rb4 45. e5 Rc4 46. Ra2 g5 47. Raa7 gxf4 48. Rxf7+ Kg6 49. gxf4 Rc3 50. f5+ Kg5 51. fxe6 1-0

[Event "Early-Titled-Tuesday-Blitz-January-16-2024"]
[Site "Chess.com"]
[Date "2024.01.16"]
[Round "3"]
[White "Alex_Sahakyan2006"]
[Black "artooon"]
[Result "0-1"]
[WhiteElo "2714"]
[BlackElo "2968"]
[TimeControl "180+1"]
[EndTime "8:29:29 PST"]
[Termination "artooon won on time"]

1. e4 c5 2. Nc3 Nc6 3. Bb5 Nd4 4. Nf3 Nxb5 5. Nxb5 a6 6. Nc3 d6 7. d4 cxd4 8. Qxd4 e5 9. Qb4 Ne7 10. Bg5 Nc6 11.
Qb3 Nd4 12. Bxd8 Nxb3 13. axb3 Kxd8 14. Rd1 Bd7 15. Nd5 Rc8 16. c3 Be6 17. O-O f6 18. Rd2 Ke8 19. b4 Kf7 20. Ra1 g5 21. Ne1 Rc4 22.
Nc2 Rxe4 23. Nce3 g4 24. b5 Bh6 25. bxa6 bxa6 26. Rxa6 f5 27. Ra7+ Kg6 28. Ne7+ Kg5 29. Rxd6 f4 30. h4+ gxh3 31. Rxe6 fxe3 32. fxe3 Rg4 33. Rxe5+ Kf6 34. Rf5+ Ke6 35. Rf3 Rxg2+ 36. Kh1 Rd8 37. Ra6+ Kxe7 38. Rxh3 Rxb2 39. Ra7+ Ke8 40. Ra1 Rd6 0-1

[Event "Early-Titled-Tuesday-Blitz-January-16-2024"]
[Site "Chess.com"]
[Date "2024.01.16"]
[Round "3"]
[White "SahibSinghKnight"]
[Black "Bauman_Guy"]
[Result "0-1"]
[WhiteElo "2684"]
[BlackElo "2918"]
[TimeControl "180+1"]
[EndTime "8:29:32 PST"]
[Termination "Bauman_Guy won by resignation"]

1. e4 c5 2. Nf3 d6 3. d4 Nf6 4. Nc3 cxd4 5. Nxd4 a6 6. Be3 e5 7. Nf3 Be7 8. Bc4 O-O 9. O-O Nc6 10. Bb3 Na5 11. Re1 h6 12. Nd5 Nxb3 13. axb3 Nxd5 14.
Qxd5 Qc7 15. c4 Be6 16. Qd1 b5 17. Nd2 Rfb8 18. Qc2 Qb7 19. Ra2 a5 20. Rea1 a4 21. bxa4 Rxa4 22. Rxa4 bxa4 23. Ra2 Qc6 24. Rxa4 Rxb2 25.
Qxb2 Qxa4 26. Qc1 Qb4 27. Qc2 Bg5 28. Bxg5 hxg5 29. h3 g4 30. hxg4 Bxg4 31. Qd3 Be6 32. g3 Kf8 33. Kg2 Ke7 34. f4 f6 35. Qc2 Qa3 36. Nf3 Qe3 37. fxe5 fxe5 38. c5 dxc5 39. Nxe5 Kf6 40. Nc4 Qd4 41. Nd2 c4 42. Nf3 Qe3 43.
e5+ Kf7 44. Qf2 Qe4 45. Kh2 Kg8 46. Ng5 Qxe5 47. Nxe6 Qxe6 48. Qd4 Qc6 49. Qd8+ Kh7 50. Qh4+ Qh6 0-1

[Event "Early-Titled-Tuesday-Blitz-January-16-2024"]
[Site "Chess.com"]
[Date "2024.01.16"]
[Round "3"]
[White "stasOR4ik"]
[Black "Dewarfd"]
[Result "1-0"]
[WhiteElo "2407"]
[BlackElo "2145"]
[TimeControl "180+1"]
[EndTime "8:29:32 PST"]
[Termination "stasOR4ik won on time"]

1. e4 c5 2. c3 g6 3. d4 cxd4 4. cxd4 Bg7 5. Nc3 Nc6 6. Nf3 d6 7. h3 Nf6 8. Bc4 O-O 9. O-O Na5 10. Bd3 a6 11. e5 dxe5 12. dxe5 Nd5 13. Bxg6 Nxc3 14.
Bxh7+ Kxh7 15. Qc2+ Kg8 16. Ng5 f5 17. exf6 Rxf6 18. Qh7+ Kf8 19. bxc3 Bf5 20. Qxf5 Rxf5 21. Ne6+ Kf7 22. Nxd8+ Rxd8 23. Rb1 Bxc3 24. g4 Rf3 25. Kg2 Rfd3 26. f4 b5 27. h4 Nc4 28. h5 Bd2 29. Rf3 Rxf3 30. Kxf3 Rd3+ 31. Ke4 Re3+ 32. Kf5 e6+ 33.
Kg5 Re4 34. Bxd2 Nxd2 35. Rd1 Nf3+ 36. Kh6 Rxf4 37. g5 Nh4 38. Rd7+ Ke8 39. Ra7 Ra4 40. g6 Nf5+ 41. Kh7 b4 42. h6 Rxa2 43. g7 Nxg7 44. hxg7 Rh2+ 45. Kg6 1-0

[Event "Early-Titled-Tuesday-Blitz-January-16-2024"]
[Site "Chess.com"]
[Date "2024.01.16"]
[Round "3"]
[White "Nikolakis2014"]
[Black "Shield12"]
[Result "0-1"]
[WhiteElo "2741"]
[BlackElo "3014"]
[TimeControl "180+1"]
[EndTime "8:29:33 PST"]
[Termination "Shield12 won by resignation"]

1. Nf3 c5 2. c4 Nf6 3. Nc3 Nc6 4.
e3 d5 5. cxd5 Nxd5 6. d4 cxd4 7.
exd4 a6 8. Be2 g6 9. Qb3 Nxc3 10. bxc3 Bg7 11. O-O O-O 12. Bg5 h6 13. Bh4 g5 14.
Bg3 b5 15. Rad1 Na5 16. Qa3 Bb7 17. d5 Rc8 18. Ne5 Qd6 19. Qxa5 Bxe5 20. Bxe5 Qxe5 21. Bf3 Qd6 22. Rfe1 Rc4 23. Rd4 Rfc8 24. h4 Rxc3 25. hxg5 hxg5 26. Rg4 Qf6 27. Qb4 Rc1 28. Re4 Bxd5 29.
Rxe7 Rxe1+ 30. Rxe1 Bxf3 31. gxf3 Qxf3 32. Qd4 Qf5 33. Re5 Qf4 34. Qxf4 gxf4 35. Kg2 Rc4 36. a4 Rxa4 37. Kf3 b4 38. Re8+ Kg7 39. Rb8 a5 40.
Kxf4 Ra3 41. Ke5 b3 42. f4 a4 43. f5 Ra2 44. f6+ Kh7 45. Rf8 b2 46. Rxf7+ Kg6 47.
Rg7+ Kh6 48. Rb7 a3 49. f7 Kg7 50. Ke6 Ra1 51. Rb8 Re1+ 52. Kd5 Kxf7 0-1

[Event "Early-Titled-Tuesday-Blitz-January-16-2024"]
[Site "Chess.com"]
[Date "2024.01.16"]
[Round "3"]
[White "AldokhinIvan"]
[Black "Shivananda1964"]
[Result "1-0"]
[WhiteElo "2600"]
[BlackElo "2364"]
[TimeControl "180+1"]
[EndTime "8:29:33 PST"]
[Termination "AldokhinIvan won on time"]

1. e4 Nc6 2. Nf3 e5 3. Bb5 a6 4. Ba4 Nf6 5. O-O Be7 6. Re1 d6 7. Bxc6+ bxc6 8. d4 exd4 9. Nxd4 Bd7 10. Bf4 O-O 11.
Nc3 g6 12. e5 Nh5 13. Bh6 Re8 14. Qf3 dxe5 15. Nxc6 Bxc6 16. Qxc6 Qd6 17. Qf3 Rab8 18.
Rad1 Qf6 19. Qxf6 Bxf6 20. Nd5 Bd8 21. b3 f6 22. Re4 Kf7 23. Ra4 Re6 24. Be3 f5 25.
Nb4 Nf6 26. Nxa6 Ra8 27. Nc5 Rxa4 28. bxa4 Re8 29. a5 Be7 30. Rb1 f4 31. Nd3 fxe3 32. Nxe5+ Ke6 33. Nc4 Ra8 34. fxe3 Nd5 35. Rb5 c6 36.
Rb7 Bc5 37. Kf2 Nb4 38. Ke2 Nxa2 39. Rc7 Nc3+ 40. Kd3 1-0

[Event "Early-Titled-Tuesday-Blitz-January-16-2024"]
[Site "Chess.com"]
[Date "2024.01.16"]
[Round "3"]
[White "Massakru"]
[Black "Thjop"]
[Result "0-1"]
[WhiteElo "2317"]
[BlackElo "2652"]
[TimeControl "180+1"]
[EndTime "8:29:33 PST"]
[Termination "Thjop won on time"]

1. e4 e6 2. d4 d5 3. Nc3 Nf6 4. e5 Nfd7 5. f4 c5 6. Nf3 Nc6 7. Be3 cxd4 8. Nxd4 Qb6 9. a3 Bc5 10. Na4 Qa5+ 11. b4 Qxa4 12. bxc5 Nxc5 13. Nb5 Ne4 14. Nc7+ Kd8 15. Nxa8 Qa5+ 16. Bd2 Qc5 17. Qf3 Nd4 18.
Qd3 Nxc2+ 19. Ke2 Nxa1 20. Be3 Qa5 21. Kf3 Bd7 22. Be2 Bc6 23. Rxa1 Ke7 24. Bd4 Rxa8 25.
Rc1 Qd2 26. Bc5+ Kd7 27. Qxd2 Nxd2+ 28. Ke3 Nb3 29. Rc3 Nxc5 30. Rxc5 Rc8 31. Rc3 Ba4 32. Rd3 Bb5 33. Rb3 Bxe2 34. Rxb7+ Rc7 35. Rxc7+ Kxc7 36.
Kxe2 Kc6 37. Kd3 Kc5 38. g4 g6 39. h4 h5 40. f5 hxg4 41. fxg6 fxg6 42. Ke3 d4+ 43.
Kf4 d3 0-1

[Event "Early-Titled-Tuesday-Blitz-January-16-2024"]
[Site "Chess.com"]
[Date "2024.01.16"]
[Round "3"]
[White "NovoselovRoman"]
[Black "GMSrinath"]
[Result "0-1"]
[WhiteElo "2568"]
[BlackElo "2827"]
[TimeControl "180+1"]
[EndTime "8:29:34 PST"]
[Termination "GMSrinath won by checkmate"]

1. d4 Nf6 2. Bf4 d5 3. Nf3 c5 4. c3 Nc6 5. Nbd2 Qb6 6. Qb3 c4 7. Qc2 g6 8. Nh4 e5 9. dxe5 Ng4 10. e3 Ngxe5 11. e4 Be6 12. Be3 d4 13. cxd4 Nxd4 14. Bxd4 Qxd4 15. Nhf3 Nxf3+ 16. Nxf3 Bb4+ 17. Ke2 Qb6 18.
Ne5 O-O 19. Nxc4 Bxc4+ 20. Qxc4 Rfd8 21. Kf3 Qf6+ 22. Kg3 Bd6+ 23. Kh3 Qxf2 24. g3 Qf3 25.
Qe2 Qxh1 26. Re1 Qg1 27. Bg2 Qc5 28. g4 Qe5 29. Bh1 Rac8 30. Rf1 Rc7 31. Rf2 Re8 32. Qf3 Kg7 33. Rd2 h5 34. g5 Rec8 35. Qf6+ Qxf6 36.
gxf6+ Kxf6 37. Rxd6+ Ke7 38. Rd5 Rc5 39. Rd3 Rd8 40.
Rb3 b6 41. Bf3 Rd2 42. Ra3 a5 43. Rb3 b5 44. a3 a4 45. Rb4 Rd3 46. Kg3 g5 47. h3 h4+ 48. Kf2 Rc2+ 49. Ke1 Rxf3 50. Rxb5 Rxh3 51. Kd1 Rg2 52. Rxg5 Rh1# 0-1

[Event "Early-Titled-Tuesday-Blitz-January-16-2024"]
[Site "Chess.com"]
[Date "2024.01.16"]
[Round "3"]
[White "azikom"]
[Black "TrompeterImEther"]
[Result "1-0"]
[WhiteElo "2678"]
[BlackElo "2474"]
[TimeControl "180+1"]
[EndTime "8:29:34 PST"]
[Termination "azikom won by resignation"]

1. c4 e5 2. Nc3 Nf6 3. e3 Bb4 4. Nge2 O-O 5. a3 Bxc3 6. Nxc3 d6 7. Be2 Nbd7 8. O-O Qe7 9. b4 Ne8 10. d4 c6 11. dxe5 dxe5 12. Bb2 f5 13. c5 Nef6 14. Qd2 e4 15. Rfd1 Ne5 16. Qd6 Qxd6 17. Rxd6 Re8 18. Rad1 Bd7 19. h3 Rad8 20. Nb1 Re7 21. Nd2 Nd5 22.
Bxe5 Rxe5 23. Bc4 Kf8 24. Nb3 Nf6 25. Na5 Rb8 26. Rxd7 Nxd7 27. Rxd7 Re7 28. Rd6 g6 29. h4 Rc7 30. Kh2 Kg7 31. Kg3 Re8 32. Nb3 Ree7 33. Nd4 Rcd7 34. Be6 Rxd6 35. cxd6 Re8 36. d7 Rd8 37.
Bxf5 Kf6 38. Bh3 Ke5 39. Nb3 b6 40. Nd4 Kd6 41. Kf4 c5 42. bxc5+ bxc5 43. Nb5+ Kc6 44.
Nc3 Kc7 45. Kxe4 Kd6 46. a4 a6 47. Kd3 Kc6 48. f4 Kd6 49. e4 Kc6 50. e5 Kc7 51. g3 h6 52. Kc4 Kc6 53. Nd5 1-0

[Event "Early-Titled-Tuesday-Blitz-January-16-2024"]
[Site "Chess.com"]
[Date "2024.01.16"]
[Round "3"]
[White "sergeikim"]
[Black "leschebaza"]
[Result "1-0"]
[WhiteElo "2616"]
[BlackElo "2428"]
[TimeControl "180+1"]
[EndTime "8:29:35 PST"]
[Termination "sergeikim won by resignation"]

1. d4 Nf6 2. c4 e6 3. Nc3 d5 4. Nf3 Be7 5. Bf4 O-O 6. e3 a6 7. c5 c6 8. h3 Nbd7 9. b4 Ne4 10. Nxe4 dxe4 11. Nd2 f5 12. Bc4 Nf6 13. Qb3 Nd5 14.
Bh2 Bd7 15. O-O Be8 16. a4 Bh5 17. Rfe1 Bh4 18. Be2 Bxe2 19. Rxe2 Rf6 20. Nc4 Rh6 21.
Nd6 Qe7 22. Be5 Bf6 23. Bg3 Kh8 24. Rf1 Rg8 25. Kh2 g5 26. Be5 Bxe5+ 27. dxe5 g4 28. b5 gxh3 29. g3 axb5 30. axb5 cxb5 31. Nxf5 exf5 32.
Qxd5 Qe6 33. Rd2 Qxd5 34. Rxd5 Rc8 35. Rb1 Re6 36. Rxb5 Rc7 37. Kxh3 Kg7 38. Rb6 Kf7 39. Kh4 Ke7 40. Kg5 Rxb6 41. cxb6 Rc2 42. Kxf5 Rxf2+ 43. Kxe4 Rg2 44. Rc5 Rb2 45. Rc7+ Ke6 46. Rxb7 h5 47.
Rb8 Rb4+ 48. Kf3 Kxe5 49. b7 Rxb7 50. Rxb7 1-0